 Dungeon Crawl Stone Soup version 0.22-a0-603-gfc1114d (webtiles) character file.

13793 sking99 the Spear-Bearer (level 11, -1/91 HPs)
             Began as a Demonspawn Gladiator on July 7, 2018.
             Was a Priest of Kikubaaqudgha.
             Slain by a four-headed hydra (6 damage)
             ... on level 1 of the Lair of Beasts.
             The game lasted 00:27:56 (14776 turns).

sking99 the Spear-Bearer (Demonspawn Gladiator)    Turns: 14776, Time: 00:27:57

Health: -1/91      AC: 12    Str: 15    XL:     11   Next: 80%
Magic:  2/16       EV: 13    Int: 12    God:    Kikubaaqudgha [***...]
Gold:   624        SH:  7    Dex: 15    Spells: 9/17 levels left

rFire    . . .     SeeInvis .   a - +0 trident
rCold    . . .     Gourm    .   q - +2 buckler
rNeg     . . .     Faith    .   Q - +0 steam dragon scales
rPois    .         Spirit   .   (helmet restricted)
rElec    .         Reflect  .   l - +1 cloak
rCorr    .         Harm     .   (no gloves)
MR       +....                  (no boots)
Stlth    +.........             s - amulet of rage
HPRegen  0.25/turn              n - +2 ring of protection
MPRegen  0.15/turn              j - ring of protection from magic

@: very slightly contaminated
A: antennae 2, yellow scales 2, spiny 2
a: Receive Corpses, Renounce Religion, Evoke Berserk Rage


You were on level 1 of the Lair of Beasts.
You worshipped Kikubaaqudgha.
Kikubaaqudgha was most pleased with you.
You were very hungry.

You visited 3 branches of the dungeon, and saw 13 of its levels.

You collected 689 gold pieces.
You spent 65 gold pieces at shops.

Inventory:

Hand Weapons
 a - a +0 trident (weapon)
Missiles
 d - a throwing net (quivered)
Armour
 b - a +0 leather armour
 l - a +1 cloak (worn)
 q - a +2 buckler (worn)
 Q - +0 steam dragon scales (worn)
Jewellery
 h - an uncursed ring of magical power
 j - a ring of protection from magic (right hand)
 m - an uncursed amulet of guardian spirit
 n - a +2 ring of protection (left hand)
 p - an uncursed ring of magical power
 s - an amulet of rage (around neck)
 z - an uncursed ring of protection from fire {unknown}
 K - an uncursed ring of protection from cold {unknown}
 M - an uncursed ring of positive energy {unknown}
 N - a cursed ring of loudness {unknown}
 P - a +3 ring of strength {unknown}
Wands
 o - a wand of random effects (27)
 w - a wand of digging (24)
 B - a wand of paralysis (19)
 C - a wand of iceblast (5)
 D - a wand of polymorph (19)
 L - a wand of flame (16)
 U - a wand of acid (8)
Scrolls
 c - 3 scrolls of noise
 i - 6 scrolls of teleportation
 k - 10 scrolls of remove curse
 u - 3 scrolls of blinking
 v - 7 scrolls of identify
 y - a scroll of magic mapping {unknown}
 F - a scroll of enchant armour
 G - a scroll of amnesia {unknown}
 I - a scroll of torment {unknown}
 J - a scroll of fog {unknown}
 S - a scroll of fear {unknown}
 T - a scroll of holy word {unknown}
Potions
 e - 3 potions of curing
 g - 3 potions of might
 r - 6 potions of lignification {unknown}
 t - a potion of flight {unknown}
 x - a potion of mutation {unknown}
 A - a potion of magic {unknown}
 E - 3 potions of berserk rage {unknown}
 H - 2 potions of haste
 O - 2 potions of brilliance {unknown}
Comestibles
 f - 17 rations
 R - a chunk of flesh


   Skills:
 + Level 10.2 Fighting
 * Level 12.9 Polearms
 - Level 1.7 Throwing
 - Level 2.6 Dodging
 - Level 4.0 Shields
 + Level 3.7 Spellcasting
 + Level 5.7 Necromancy


You had 9 spell levels left.
You knew the following spells:

 Your Spells              Type           Power        Failure   Level  Hunger
a - Pain                  Necr           ###.         2%          1    #......
b - Vampiric Draining     Necr           ###.......   6%          3    ###....
c - Animate Dead          Necr           N/A          22%         4    #####..

Your spell library contained the following spells:

 Spells                   Type           Power        Failure   Level  Hunger
 Bolt of Draining         Conj/Necr      #.........   89%         5    ######.
 Dispel Undead            Necr           ###.....     52%         5    ######.
 Sublimation of Blood     Necr           ###.......   3%          2    ##.....
 Corpse Rot               Necr           N/A          3%          2    ##.....
 Stone Arrow              Conj/Erth      #.....       56%         3    ###....
 Passwall                 Tmut/Erth      #.......     34%         2    ##.....
 Lee's Rapid Deconstruct  Erth           #.........   99%         5    ######.
 Sandblast                Erth           #.....       22%         1    #......
 Excruciating Wounds      Chrm/Necr      #.........   89%         5    ######.
 Petrify                  Tmut/Erth      #.......     92%         4    #####..
 Borgnjor's Vile Clutch   Necr/Erth      #.........   89%         5    ######.


Dungeon Overview and Level Annotations

Branches:
Dungeon (11/15)            Temple (1/1) D:6            Lair (1/6) D:11
    Orc (0/2) D:9

Altars:
Ashenzari
Cheibriados
Dithmenos
Elyvilon
Fedhas
Gozag
Hepliaklqana
Kikubaaqudgha
Makhleb
Nemelex Xobeh
Okawaru
Qazlal
Ru
Sif Muna
Trog
Uskayaw
Vehumet
Wu Jian
Xom
Yredelemnul
Zin
The Shining One

Shops:
D:7 :   D:8 !}

Annotations:
D:10 Fannar
Lair:1 1 runed door


Innate Abilities, Weirdness & Mutations

You have a pair of antennae on your head.
You are mostly covered in yellow scales. (AC +3)
You are mostly covered in sharp spines.


Message History

Your water moccasin zombie barely misses the komodo dragon.
Your crocodile zombie bites the four-headed hydra!
You barely miss the four-headed hydra.
The four-headed hydra is severely wounded.
The four-headed hydra bites you.
* * * LOW HITPOINT WARNING * * *
You block the four-headed hydra's attack.
The four-headed hydra bites you.
* * * LOW HITPOINT WARNING * * *
The four-headed hydra closely misses you.
Your water moccasin zombie bites the komodo dragon.
You block the komodo dragon's attack.
You hit the four-headed hydra.
The four-headed hydra is almost dead.
The four-headed hydra bites you!
* * * LOW HITPOINT WARNING * * *
The four-headed hydra closely misses you.
The four-headed hydra bites you.
You die...
Kikubaaqudgha rasps: "You have failed me!
Welcome... death!"

..#........##.........#
..#...................#
#.................>.#
#.............#.##..#
#........P#..#####..#
............#.#...#
.............## ..#
##..##.......# .# ..
#@......#
#.####lD.....#
#....Z.Z.......
#.............#.#.
.....####.....#### #.##
##...## # #..# #.# ##


You could see a four-headed hydra, a komodo dragon, a friendly water moccasin
zombie and a friendly crocodile zombie.

Vanquished Creatures
  A two-headed ogre (D:8)
  An ugly thing (D:11)
  An elephant (D:11)
  Psyche (D:8)
  2 spiny frogs (Lair:1)
  3 trolls
  A hippogriff (D:8)
  2 water elementals (D:11)
  13 yaks
  3 steam dragons
  Grum (D:8)
  2 hungry ghosts (D:7)
  Menkaure (D:6)
  5 sky beasts
  3 black bears
  2 orc warriors
  2 ice beasts
  A necrophage (D:9)
  2 phantoms
  3 ogres
  An eye of draining (D:9)
  7 wolves
  3 crocodiles (D:11)
  12 centaurs
  A big kobold (D:10)
  Blork the orc (D:5)
  10 bullfrogs
  A gnoll sergeant (D:9)
  4 scorpions
  12 killer bees
  8 wights
  2 electric eels (D:11)
  5 crimson imps
  10 hounds
  A quasit (D:10)
  A centaur zombie (D:7)
  2 jellies
  4 centaur skeletons
  10 orc priests
  3 iguanas
  15 orc wizards
  8 worker ants
  A killer bee zombie (D:5)
  A hound skeleton (D:5)
  13 adders
  4 gnolls (D:9)
  A howler monkey skeleton (D:7)
  2 shadow imps
  2 oozes
  An adder zombie (D:10)
  A worm (D:6)
  5 leopard geckos
  65 orcs
  2 ball pythons
  11 giant cockroaches
  11 goblins
  12 hobgoblins
  4 jackals
  9 kobolds
  6 quokkas
  7 bats
  4 frilled lizards (D:2)
  2 jackal skeletons
  A quokka zombie (D:8)
  7 rats
343 creatures vanquished.

Vanquished Creatures (others)
  3 fungi
  5 plants (Lair:1)
8 creatures vanquished.

Grand Total: 351 creatures vanquished

Notes
Turn   | Place    | Note
-------+----------+-------------------------------------------
     0 | D:1      | sking99 the Demonspawn Gladiator began the quest for the Orb.
     0 | D:1      | Reached XP level 1. HP: 16/16 MP: 1/1
   121 | D:1      | Reached skill level 3 in Polearms
   123 | D:1      | Gained mutation: You are partially covered in sharp spines. [demonic ancestry]
   123 | D:1      | Reached XP level 2. HP: 16/22 MP: 2/2
  1200 | D:2      | Gained mutation: You are mostly covered in sharp spines. [demonic ancestry]
  1200 | D:2      | Reached XP level 3. HP: 28/28 MP: 3/3
  1444 | D:2      | Reached skill level 4 in Polearms
  1444 | D:2      | Gained mutation: You have a pair of small antennae on your head. [demonic ancestry]
  1444 | D:2      | Reached XP level 4. HP: 30/34 MP: 4/4
  1700 | D:3      | Found a shimmering altar of Xom.
  2157 | D:3      | Noticed a black bear
  2165 | D:3      | Killed a black bear
  2165 | D:3      | Reached skill level 1 in Shields
  2165 | D:3      | Gained mutation: You are partially covered in yellow scales. (AC +2) [demonic ancestry]
  2165 | D:3      | Reached XP level 5. HP: 32/41 MP: 5/5
  2369 | D:4      | Noticed an ogre
  2378 | D:4      | Killed an ogre
  2378 | D:4      | Reached skill level 5 in Polearms
  2378 | D:4      | Reached XP level 6. HP: 32/48 MP: 0/6
  2978 | D:5      | Entered Level 5 of the Dungeon
  3349 | D:5      | Reached XP level 7. HP: 47/54 MP: 5/7
  3480 | D:5      | Noticed Blork the orc
  3494 | D:5      | Killed Blork the orc
  3494 | D:5      | Reached skill level 6 in Polearms
  4067 | D:6      | Reached skill level 5 in Fighting
  4095 | D:6      | Noticed Menkaure
  4113 | D:6      | Killed Menkaure
  4113 | D:6      | Gained mutation: You have a pair of antennae on your head. [demonic ancestry]
  4113 | D:6      | Reached XP level 8. HP: 55/62 MP: 8/8
  4137 | D:6      | Found a staircase to the Ecumenical Temple.
  4213 | D:6      | Reached skill level 7 in Polearms
  4609 | D:6      | Found a shadowy altar of Dithmenos.
  4850 | D:7      | Reached skill level 8 in Polearms
  5025 | D:7      | Gained mutation: You are mostly covered in yellow scales. (AC +3) [demonic ancestry]
  5025 | D:7      | Reached XP level 9. HP: 43/71 MP: 7/9
  5046 | D:7      | Found Fuh Tuim's Book Shoppe.
  5570 | D:7      | Reached skill level 9 in Polearms
  5628 | D:7      | Found a hide-covered altar of Uskayaw.
  6231 | Temple   | Entered the Ecumenical Temple
  6356 | Temple   | Became a worshipper of Kikubaaqudgha
  6444 | D:8      | Noticed Grum
  6451 | D:8      | Reached skill level 10 in Polearms
  6777 | D:8      | Killed Grum
  7166 | D:8      | Found Jokuem's Distillery.
  7174 | D:8      | Reached XP level 10. HP: 80/80 MP: 10/10
  7180 | D:8      | Noticed a two-headed ogre
  7213 | D:8      | Killed a two-headed ogre
  7406 | D:8      | Bought a potion of heal wounds for 65 gold pieces
  7466 | D:8      | Reached skill level 11 in Polearms
  7491 | D:8      | Found Healet Eche's Gadget Shop.
  7513 | D:8      | Noticed Psyche
  7521 | D:8      | Killed Psyche
  7680 | D:8      | Reached * piety under Kikubaaqudgha
  7680 | D:8      | Identified Kikubaaqudgha's Incunabulum of Necromancy (Kikubaaqudgha gifted it to you on level 8 of the Dungeon)
  7680 | D:8      | Received a gift from Kikubaaqudgha
  7687 | D:8      | Learned a level 1 spell: Pain
  7889 | D:9      | Reached skill level 1 in Necromancy
  8129 | D:9      | Found a basalt altar of Yredelemnul.
  8292 | D:9      | Found a staircase to the Orcish Mines.
  8346 | D:9      | Reached ** piety under Kikubaaqudgha
  8416 | D:9      | HP: 4/83 [poisoned by a killer bee]
  8423 | D:9      | HP: 4/83 [poisoned by a killer bee]
  8431 | D:9      | HP: 4/83 [poisoned by a killer bee]
  8742 | D:9      | Learned a level 3 spell: Vampiric Draining
  9205 | D:10     | Entered Level 10 of the Dungeon
  9869 | D:10     | Reached skill level 12 in Polearms
  9900 | D:10     | Reached skill level 1 in Spellcasting
  9911 | D:10     | Reached XP level 11. HP: 66/89 MP: 3/12
 10329 | D:10     | Reached *** piety under Kikubaaqudgha
 10329 | D:10     | Identified Kikubaaqudgha's Papyrus of Darkness (Kikubaaqudgha gifted it to you on level 10 of the Dungeon)
 10329 | D:10     | Received a gift from Kikubaaqudgha
 10341 | D:10     | Learned a level 4 spell: Animate Dead
 11040 | D:10     | Noticed Fannar
 11601 | D:10     | HP: 2/89 [Fannar/Ozocubu's Refrigeration (17)]
 12058 | D:11     | Noticed a white ugly thing
 12083 | D:11     | Killed a green ugly thing
 13185 | D:11     | Found a staircase to the Lair.
 13224 | D:11     | Reached skill level 10 in Fighting
 13224 | D:11     | Reached skill level 5 in Necromancy
 13754 | Lair:1   | Entered Level 1 of the Lair of Beasts
 13972 | Lair:1   | HP: 2/90 [yak (11)]
 14673 | Lair:1   | Found a runed door.
 14727 | Lair:1   | Reached **** piety under Kikubaaqudgha
 14757 | Lair:1   | Noticed a four-headed hydra
 14776 | Lair:1   | Slain by a four-headed hydra

Vault maps used:
D:1:      noname_arrival_rooms_in_the_neighbourhood
D:2:      minmay_misc_feat_diagonals
D:3:      xom_butterflies
D:4:      first_ration
D:5:      uniq_blork_the_orc
D:6:      minmay_temple_entry_from_below_a, nicolae_dithmenos_shadow_blocks,
          uniq_menkaure
D:7:      lemuel_round_altar, serial_shops, shop
D:8:      serial_shops, shop, nicolae_shop_crystal, uniq_psyche, uniq_grum
D:9:      hiddenorc2_lemuel, basic_altar
D:10:     kennysheep_steamy, uniq_fannar
D:11:     david_lair_generic
Temple:   regret_index_temple_chain_breaker
Lair:1:   ebering_ghost_funeral_grove

Skill      XL: |  1  2  3  4  5  6  7  8  9 10 11 |
---------------+----------------------------------+-----
Polearms       | 3 4 5 6 8 10 12 | 12.9
Fighting       | 3 4 5 6 8 9 10 | 10.2
Shields        | 1 2 3 4 |  4.0
Necromancy     | 3 5 |  5.7
Spellcasting   | 1 3 |  3.7
Throwing       | |  1.7
Dodging        | |  2.6

Action                   |  1- 3 |  4- 6 |  7- 9 | 10-12 || total
-------------------------+-------+-------+-------+-------++-------
Melee: Trident           |    86 |   134 |   494 |   735 ||  1449
Throw: Throwing net      |       |       |     2 |     2 ||     4
 Cast: Pain              |       |       |       |    27 ||    27
       Vampiric Draining |       |       |       |    17 ||    17
       Animate Dead      |       |       |       |     2 ||     2
Invok: Receive Corpses   |       |       |       |     1 ||     1
  Use: Scroll            |       |     5 |       |     6 ||    11
       Potion            |       |       |       |     6 ||     6
 Stab: Sleeping          |     5 |     2 |       |     2 ||     9
       Held in net/web   |       |       |     3 |     1 ||     4
  Eat: Chunk             |     2 |     6 |    16 |    25 ||    49
       Ration            |       |       |       |     1 ||     1
Armor: Leather armour    |    16 |    19 |    88 |   108 ||   231
       Steam dragon scal |       |       |       |    27 ||    27
Dodge: Dodged            |    37 |    53 |   147 |   264 ||   501
Block: Buckler           |       |    33 |   129 |   169 ||   331

Table legend:
 A = Spawn XP
 B = Non-spawn XP
 C = Spawn XP percentage of total XP
 D = Spawn monster count
 E = Non-spawn monster count
 F = Spawn count percentage of total count
 G = Total turns spent on level
                    A         B        C        D         E        F      G
               +---------+---------+-------+---------+---------+-------+---------
         Total |       0 |   19705 |   0.0 |       0 |     343 |   0.0 | 14776
               +---------+---------+-------+---------+---------+-------+---------
           D:1 |       0 |      40 |   0.0 |       0 |      21 |   0.0 |  1195
           D:2 |       0 |      69 |   0.0 |       0 |      19 |   0.0 |   515
           D:3 |       0 |     204 |   0.0 |       0 |      29 |   0.0 |   648
           D:4 |       0 |     309 |   0.0 |       0 |      11 |   0.0 |   620
           D:5 |       0 |     438 |   0.0 |       0 |      12 |   0.0 |   924
           D:6 |       0 |    1148 |   0.0 |       0 |      24 |   0.0 |   942
           D:7 |       0 |    2112 |   0.0 |       0 |      42 |   0.0 |  1705
           D:8 |       0 |    3121 |   0.0 |       0 |      36 |   0.0 |  1050
           D:9 |       0 |    1730 |   0.0 |       0 |      56 |   0.0 |  1732
          D:10 |       0 |    3420 |   0.0 |       0 |      42 |   0.0 |  2581
          D:11 |       0 |    4000 |   0.0 |       0 |      36 |   0.0 |  1701
        Lair:1 |       0 |    3114 |   0.0 |       0 |      15 |   0.0 |  1022
               +---------+---------+-------+---------+---------+-------+---------
